 Dungeon Crawl Stone Soup version 0.27.0-1-g7a089689b8 (webtiles) character file.

Game seed: 13524751444010871771

359 jimbutter the Chopper (level 6, -2/84 HPs)
             Began as a Minotaur Berserker on Aug 2, 2021.
             Was a Believer of Trog.
             Slain by an ogre (9 damage)
             ... on level 4 of the Dungeon.
             The game lasted 00:06:40 (3134 turns).

jimbutter the Chopper (Minotaur Berserker)          Turns: 3134, Time: 00:06:41

Health: -2/84      AC:  9    Str: 23    XL:     6   Next: 37%
Magic:  5/5        EV: 11    Int:  4    God:    Trog [**....]
Gold:   161        SH:  0    Dex: 10    Spells: 5/5 levels left

rFire    . . .     SeeInvis .   g - +0 battleaxe
rCold    . . .     Faith    .   (shield currently unavailable)
rNeg     . . .     Spirit   .   f - +0 scale mail
rPois    .         Reflect  .   (helmet restricted)
rElec    .         Harm     .   e - +0 cloak
rCorr    .         Rampage  .   h - +0 pair of gloves
Will     .....                  (no boots)
Stlth    ..........             (no amulet)
HPRegen  0.24/turn              (no ring)
MPRegen  0.09/turn              (no ring)

@: berserking, very quick
A: horns 2, retaliatory headbutt
a: Renounce Religion, Berserk, Trog's Hand


You were on level 4 of the Dungeon.
You worshipped Trog.
Trog was pleased with you.
You visited 1 branch of the dungeon, and saw 4 of its levels.

You collected 161 gold pieces.

Inventory:

Hand Weapons
 a - a +0 hand axe
 g - a +0 battleaxe (weapon)
Missiles
 c - 8 poisoned darts (quivered)
Armour
 e - a +0 cloak (worn)
 f - a +0 scale mail (worn)
 h - a +0 pair of gloves (worn)
Wands
 l - a wand of iceblast (8)
Scrolls
 d - 2 scrolls of summoning {unknown}
 i - a scroll of teleportation {unknown}
 j - 3 scrolls of identify {unknown}
Potions
 b - a potion of lignification {unknown}
 k - a potion of brilliance {unknown}
 m - a potion of haste {unknown}


   Skills:
 + Level 5.3 Fighting
 * Level 6.4 Axes
 - Level 3.0 Armour
 + Level 4.1 Dodging


You had 5 spell levels left.
You didn't know any spells.
Your spell library was empty.

Dungeon Overview and Level Annotations

Branches:
Dungeon (4/15)
 Temple: D:4-7

Altars:
Trog

Shops:
D:2 =[


Innate Abilities, Weirdness & Mutations

You have a pair of horns on your head.
You reflexively headbutt those who attack you in melee.


Message History

You kill the kobold!
Trog accepts your kill.
You see here a +0 short sword.
A dart slug comes into view.
Found a brown potion.
The dart slug launches a dart at you.
The slug dart hits you but does no damage.
The dart slug launches a dart at you.
The slug dart hits you but does no damage.
You slash the dart slug! You headbutt the dart slug.
The dart slug is almost dead.
The dart slug launches a dart at you.
The slug dart hits you but does no damage.
You slash the dart slug!
You kill the dart slug!
Trog accepts your kill.
m - a brown potion An endoplasm comes into view.
The endoplasm quivers.
The endoplasm freezes you.
You are frozen.
You slice the endoplasm!!
You kill the endoplasm!
Trog accepts your kill.
Found a stone staircase leading down.
An ogre comes into view. It is wielding a +0 giant club.
The ogre hits you with a +0 giant club!!
You see here an orange potion.
You slash the ogre! You headbutt the ogre.
The ogre is moderately wounded.
The ogre hits you with a +0 giant club!!
* * * LOW HITPOINT WARNING * * *
A red film seems to cover your vision as you go berserk!
You feel yourself moving faster!
You feel mighty!
The ogre hits you with a +0 giant club!!
* * * LOW HITPOINT WARNING * * *
You slash the ogre!
The ogre is almost dead.
The ogre hits you with a +0 giant club!
You die...

######### #........
########.#############.#
......................>#
...#####.#####.#.####.#
...#####.# #.#......#
#........# #.#..#####
#........#####.#@.#
................O.#
#.................#
#.........####.#..#
#.........# ..#..#
#########...##.#..# ....
...# ### ....


You could see an ogre.

Vanquished Creatures
  Grinder (D:3)
  A black bear (D:4)
  Terence (D:3)
  A worm (D:3)
  2 dart slugs
  4 orcs
  6 bats
  3 endoplasms
  3 giant cockroaches
  4 goblins
  5 hobgoblins
  6 kobolds
  4 quokkas
  2 ball pythons
  A frilled lizard (D:1)
  4 rats
48 creatures vanquished.

Notes
Turn   | Place    | Note
-------+----------+-------------------------------------------
     0 | D:1      | jimbutter the Minotaur Berserker began the quest for the
                  | Orb.
     0 | D:1      | Reached XP level 1. HP: 19/19 MP: 0/0
   273 | D:1      | Reached XP level 2. HP: 16/27 MP: 1/1
   617 | D:1      | Reached skill level 4 in Axes
   642 | D:1      | Reached ** piety under Trog
   853 | D:2      | Found Gusterr's Antique Armour Shop.
   892 | D:2      | Found Iptek's Jewellery Shop.
  1002 | D:2      | Reached XP level 3. HP: 33/33 MP: 2/2
  1604 | D:2      | Found a faded altar of an unknown god.
  1696 | D:3      | Noticed Grinder
  1696 | D:3      | Paralysed by Grinder for 2 turns
  1708 | D:3      | Paralysed by Grinder for 3 turns
  1712 | D:3      | Killed Grinder
  1713 | D:3      | Reached skill level 5 in Axes
  1713 | D:3      | Reached XP level 4. HP: 20/41 MP: 3/3
  1713 | D:3      | Reached XP level 5. HP: 23/47 MP: 4/4
  2094 | D:3      | Found a bloodstained altar of Trog.
  2221 | D:3      | Reached skill level 5 in Fighting
  2423 | D:3      | Noticed Terence
  2426 | D:3      | Killed Terence
  2966 | D:4      | Noticed a black bear
  2973 | D:4      | Killed a black bear
  2974 | D:4      | Reached skill level 6 in Axes
  2974 | D:4      | Reached XP level 6. HP: 56/56 MP: 5/5
  3134 | D:4      | Slain by an ogre

Illustrated notes

Levels and vault maps discovered:
D:1:      amcnicky_arrival_gap_in_the_tavern_cellar, layout_rooms,
          serial_corexii_hall, corexii_hall_statues_u,
          chequers_hall_statues_wall_a, corexii_hall_statues_i
D:2:      minmay_door_path, layout_basic, serial_shops,
          nicolae_shop_statue_plus, nicolae_shop_trees,
          hellmonk_ecumenical_altar_heavens_door
D:3:      layout_basic, lemuel_doored_altar, roderic_roman_lattice,
          uniq_terence, uniq_grinder
D:4:      minmay_angry_zag, layout_basic

Skill      XL: |  1  2  3  4  5 |
---------------+----------------+-----
Fighting       | 4 5 |  5.3
Axes           | 4 5 6 |  6.4
Armour         | 3 |  3.0
Dodging        | 3 4 |  4.1

Action                   |  1- 3 |  4- 6 || total
-------------------------+-------+-------++-------
Melee: Hand axe          |    52 |       ||    52
       Headbutt          |    12 |     3 ||    15
       Battleaxe         |    22 |    26 ||    48
Invok: Berserk           |     1 |     3 ||     4
       Trog's Hand       |     1 |       ||     1
Armor: Animal skin       |    11 |       ||    11
       Scale mail        |    18 |     6 ||    24
Dodge: Dodged            |    50 |    17 ||    67
